 Dungeon Crawl Stone Soup version 0.17-a0-776-gd86b262 (webtiles) character file.

6353 oplop the Covert (level 10, 0/47 HPs)
             Began as a Spriggan Enchanter on Apr 24, 2015.
             Was an Initiate of Gozag.
             Killed from afar by a wizard (25 damage)
             ... with a stone arrow
             ... on level 11 of the Dungeon.
             The game lasted 00:31:53 (8564 turns).

oplop the Covert (Spriggan Enchanter)               Turns: 8564, Time: 00:31:53

Health: 0/47       AC:  5    Str: 14    XL:     10   Next: 65%
Magic:  0/24       EV: 28    Int: 24    God:    Gozag
Gold:   742        SH:  0    Dex: 19    Spells: 5 memorised, 16 levels left

rFire  + . .     SeeInvis +     B - +3 dagger "Orb Guardian's Death" {pain, -Tele rF+ Str+10 Stlth+}
rCold  . . .     Clarity  .     b - +1 robe
rNeg   + . .     SustAb   .     (shield restricted)
rPois  .         Gourm    .     (helmet restricted)
rElec  .         Spirit   .     I - +1 cloak
rCorr  .         Warding  +     (gloves unavailable)
rMut   .         NoTele   +     (boots unavailable)
MR     +....                    s - amulet of warding
Stlth  +++++++...               D - ring of see invisible
                                w - +6 ring of intelligence

@: very quick, somewhat resistant to hostile enchantments, extremely stealthy
A: unfitting armour, see invisible, herbivore 3, speed 3, slow metabolism 2
a: Potion Petition, Call Merchant, Bribe Branch, Renounce Religion


You were on level 11 of the Dungeon.
You worshipped Gozag.
Gozag was noncommittal.
You were not hungry.

You visited 2 branches of the dungeon, and saw 12 of its levels.

You collected 1323 gold pieces.
You paid 581 gold pieces to Gozag.

Inventory:

Hand weapons
 a - a +2 dagger
 f - a +0 rapier
 B - the +3 dagger "Orb Guardian's Death" (weapon) {pain, -Tele rF+ Str+10 Stlth+}
   (You found it on level 6 of the Dungeon)

   In the hands of one skilled in necromantic magic, it inflicts extra damage on
   living creatures.
   It affects your strength (+10).
   It protects you from fire.
   It prevents most forms of teleportation.
   It makes you more stealthy.
Armour
 b - a +1 robe (worn)
 I - a +1 cloak (worn)
Jewellery
 s - an amulet of warding (around neck)
 v - an uncursed amulet of rage
 w - a +6 ring of intelligence (left hand)
 z - an uncursed amulet of regeneration
 D - a ring of see invisible (right hand)
 P - an uncursed amulet of faith {unknown}
Magical devices
 m - a wand of fireball (11)
 t - a wand of magic darts (26)
 x - a wand of polymorph (7)
 y - a wand of digging (6)
 C - a wand of magic darts (18)
 F - a wand of draining (1)
 H - a wand of cold (9)
 T - a wand of slowing (17)
Scrolls
 i - a scroll of blinking
 n - 4 scrolls of identify
 q - a scroll of magic mapping
 u - a scroll of teleportation
 J - a scroll of fog {unknown}
 K - 3 scrolls of remove curse
 L - a scroll of enchant weapon
 M - a scroll of recharging {unknown}
 N - a scroll of noise {unknown}
 O - a scroll of fear {unknown}
 Q - a scroll of immolation {unknown}
 S - a scroll of enchant armour {unknown}
 U - a scroll of holy word {unknown}
Potions
 e - a potion of heal wounds
 g - a potion of brilliance {unknown}
 h - 3 potions of ambrosia {unknown}
 j - 3 potions of restore abilities
 k - 3 potions of curing
 o - a potion of might {unknown}
 p - a potion of mutation {unknown}
 r - 2 potions of berserk rage {unknown}
 A - a potion of flight {unknown}
 E - a potion of invisibility {unknown}
 G - a potion of haste
 R - 3 potions of cure mutation {unknown}
 W - a potion of agility {unknown}
Books
 c - a book of Maledictions

   Spells                             Type                      Level
   a - Corona                         Hexes                        1
   b - Ensorcelled Hibernation        Hexes/Ice                    2
   c - Confuse                        Hexes                        3
   d - Tukima's Dance                 Hexes                        3
   e - Dazzling Spray                 Conjuration/Hexes            3
 V - a book of Control

   Spells                             Type                      Level
   a - Control Teleport               Charms/Translocation         4
   b - Control Undead                 Necromancy                   4
   c - Metabolic Englaciation         Hexes/Ice                    5
   d - Mass Confusion                 Hexes                        6
 X - a book of Conjurations

   Spells                             Type                      Level
   a - Magic Dart                     Conjuration                  1
   b - Searing Ray                    Conjuration                  2
   c - Dazzling Spray                 Conjuration/Hexes            3
   d - Fulminant Prism                Conjuration/Hexes            4
   e - Iskenderun's Mystic Blast      Conjuration                  4
   f - Iskenderun's Battlesphere      Conjuration/Charms           5
Comestibles
 d - 9 bread rations
 l - 2 fruits
 Y - a royal jelly


   Skills:
 - Level 2.5 Fighting
 + Level 8.9 Short Blades
 + Level 10.9 Dodging
 + Level 11.3 Stealth
 - Level 9.6 Spellcasting
 + Level 7.1 Hexes


You had 16 spell levels left.
You knew the following spells:

 Your Spells              Type           Power        Failure   Level  Hunger
a - Corona                Hex            #####..      1%          1    None
b - Ensorcelled Hibernat  Hex/Ice        ####..       1%          2    None
c - Dazzling Spray        Conj/Hex       ####....     4%          3    None
d - Confuse               Hex            #####...     1%          3    None
e - Tukima's Dance        Hex            #####...     1%          3    None


Dungeon Overview and Level Annotations

Branches:
Dungeon (11/15)            Temple (1/1) D:5             Orc (0/4) D:11
   Lair: D:8-11

Altars:
Ashenzari
Cheibriados
Dithmenos
Elyvilon
Fedhas
Gozag
Kikubaaqudgha
Makhleb
Nemelex Xobeh
Okawaru
Qazlal
Ru
Sif Muna
Trog
Vehumet
Xom
Yredelemnul
Zin
The Shining One

Shops:
D:4 :   D:6 !   D:12 [


Innate Abilities, Weirdness & Mutations

You are tiny and cannot use many weapons and most armour.
You have supernaturally acute eyesight.
You are a herbivore.
You cover ground extremely quickly.
You need consume almost no food.


Message History

Confirm with . or Enter, or press ? or * to list all spells.
You don't have enough magic to cast that spell.
Unknown command.
Evoke which item? (* to show all) (? for menu, Esc to quit)
Zapping:
F - a wand of draining (will waste charges)
Press: ? - help, Shift-Dir - straight line, f/p - wizard
Aim: a wizard, wielding a dagger and wearing a robe (lightly wounded, fast)
The bolt of negative energy misses the wizard.
Evoking this partially-identified wand wasted a few charges.
Casting: Dazzling Spray
Confirm with . or Enter, or press ? or * to list all spells.
Aiming: Corona
Press: ? - help, Shift-Dir - straight line, f/p - wizard
Aim: a wizard, wielding a dagger and wearing a robe (lightly wounded, fast, chance 47%)
The wizard resists with significant effort.
The wizard points at you and mumbles some strange words.
The stone arrow hits you!
Ouch! That really hurt!
You die...
Your body crumbles into a pile of gold.

#..# #........)........# # #..#
#.................# # #..#
#.................# # #..#
#.................# # ####..#
#.................# # ......#
#.................# # ......#
#..............[..# # ......#
#..p..............# #
####.?#####..<..@...(..>....#####
#...............$.............
#................######.......
#................# #.......
#(######.......### #....... #o#
#.......# #....... #o# #.#######
#....... #o# #.# #....... #.#
#.####### #.......


You could see a wizard.

Vanquished Creatures
  The ghost of nataq the Grappler, a powerful TrMo of Cheibriados (D:11)
  An unseen horror (D:11)
  Pikel (D:4)
  The ghost of 4thArraOfDagon the Ruffian, an experienced DrTm of Makhleb (D:8)
  A hill giant (D:11)
  A manticore (D:11)
  The ghost of Borgoz the Shield-Bearer, an experienced GrFi (D:5)
  A troll (D:11)
  Sigmund (D:2)
  Eustachio (D:5)
  Edmund (D:5)
  A black bear (D:6)
  An ice beast (D:11)
  2 phantoms
  2 slaves (D:4)
  An ogre (D:5)
  2 centaurs
  Blork the orc (D:6)
  A big kobold (D:7)
  4 giant frogs
  A gnoll sergeant (D:7)
  3 scorpions
  3 killer bees
  4 crimson imps
  A giant frog zombie (D:6)
  3 jellies
  6 worker ants
  3 hounds
  An iguana (D:6)
  A giant frog skeleton (D:9)
  Jessica (D:3)
  5 orc wizards
  A worker ant zombie (D:6)
  7 adders
  9 gnolls
  A shadow imp (D:7)
  An ooze (D:2)
  2 worms (D:3)
  5 giant geckos
  12 orcs
  3 giant cockroaches
  12 hobgoblins
  15 jackals
  3 quokkas
  2 ball pythons
  12 bats
  A giant gecko zombie (D:8)
  8 giant newts
  14 goblins
  28 kobolds
  A quokka zombie (D:7)
  7 rats
202 creatures vanquished.

Vanquished Creatures (collateral kills)
  An orc warrior (D:11)
  2 ogres
  A gnoll sergeant (D:11)
  A hound (D:6)
  2 orc wizards (D:11)
7 creatures vanquished.

Grand Total: 209 creatures vanquished

Notes
Turn   | Place    | Note
--------------------------------------------------------------
     0 | D:1      | oplop, the Spriggan Enchanter, began the quest for the Orb.
     0 | D:1      | Reached XP level 1. HP: 9/9 MP: 5/5
   395 | D:1      | Reached XP level 2. HP: 8/13 MP: 2/6
   408 | D:1      | Learned a level 2 spell: Ensorcelled Hibernation
  1166 | D:1      | Reached XP level 3. HP: 16/16 MP: 5/8
  1455 | D:2      | Found a shattered altar of Ashenzari.
  2204 | D:2      | Noticed Sigmund
  2208 | D:2      | Killed Sigmund
  2208 | D:2      | Reached skill level 5 in Hexes
  2208 | D:2      | Reached XP level 4. HP: 10/21 MP: 7/11
  2208 | D:2      | Reached XP level 5. HP: 11/24 MP: 7/12
  2677 | D:3      | Noticed Jessica
  2692 | D:3      | Killed Jessica
  2788 | D:3      | Reached XP level 6. HP: 28/28 MP: 11/14
  3045 | D:3      | Reached skill level 5 in Spellcasting
  3349 | D:4      | Learned a level 3 spell: Dazzling Spray
  3353 | D:4      | Learned a level 3 spell: Confuse
  3357 | D:4      | Learned a level 3 spell: Tukima's Dance
  3584 | D:4      | Noticed Pikel
  3732 | D:4      | Killed Pikel
  3732 | D:4      | Reached skill level 5 in Dodging
  3732 | D:4      | Reached skill level 6 in Spellcasting
  3732 | D:4      | Reached XP level 7. HP: 32/35 MP: 4/17
  3827 | D:4      | Found a radiant altar of Vehumet.
  3828 | D:4      | Found a burning altar of Makhleb.
  3879 | D:4      | Reached skill level 5 in Short Blades
  4050 | D:4      | Found a white marble altar of Elyvilon.
  4050 | D:4      | Found a glowing silver altar of Zin.
  4072 | D:4      | Found a glowing golden altar of the Shining One.
  4130 | D:4      | Found Quirch's Book Boutique.
  4583 | D:5      | Entered Level 5 of the Dungeon
  4590 | D:5      | Reached XP level 8. HP: 39/39 MP: 11/18
  4709 | D:5      | Noticed Edmund
  4725 | D:5      | Killed Edmund
  4825 | D:5      | Noticed Borgoz's ghost (experienced GrFi)
  4826 | D:5      | Noticed Eustachio
  4867 | D:5      | Reached skill level 5 in Stealth
  4904 | D:5      | Killed Borgoz's ghost
  4904 | D:5      | Reached skill level 7 in Spellcasting
  4971 | D:5      | Found a staircase to the Ecumenical Temple.
  4976 | Temple   | Entered the Ecumenical Temple
  5163 | D:5      | Killed Eustachio
  5195 | D:5      | Found a sparkling altar of Nemelex Xobeh.
  5568 | D:6      | Got a bloodstained dagger
  5569 | D:6      | Identified the cursed +3 dagger "Orb Guardian's Death" {pain, -Tele rF+ Str+10 Stlth+} (You found it on level 6 of the Dungeon)
  5637 | D:6      | Found Kuts's Distillery.
  5648 | D:6      | Found an opulent altar of Gozag.
  5664 | D:6      | Became a worshipper of Gozag Ym Sagoz the Greedy
  5743 | D:6      | Reached XP level 9. HP: 38/43 MP: 18/21
  5856 | D:6      | Reached skill level 8 in Dodging
  5869 | D:6      | Found an ancient bone altar of Kikubaaqudgha.
  6197 | D:6      | Noticed Blork the orc
  6209 | D:6      | Killed Blork the orc
  7278 | D:8      | Found a blossoming altar of Fedhas.
  7279 | D:8      | Found an opulent altar of Gozag.
  7282 | D:8      | Found a sacrificial altar of Ru.
  7282 | D:8      | Found a basalt altar of Yredelemnul.
  7283 | D:8      | Found a snail-covered altar of Cheibriados.
  7499 | D:8      | Noticed 4thArraOfDagon's ghost (experienced DrTm)
  7516 | D:8      | Killed 4thArraOfDagon's ghost
  7516 | D:8      | Reached skill level 9 in Dodging
  7939 | D:9      | You fall through a shaft for 2 floors!
  7939 | D:11     | Noticed a manticore
  7943 | D:11     | Killed a manticore
  7982 | D:11     | Noticed a hill giant
  7983 | D:11     | Noticed a centaur zombie
  8004 | D:11     | Reached XP level 10. HP: 47/47 MP: 18/24
  8015 | D:10     | Entered Level 10 of the Dungeon
  8099 | D:11     | Killed a hill giant
  8099 | D:11     | Reached skill level 10 in Dodging
  8099 | D:11     | Reached skill level 10 in Stealth
  8411 | D:11     | Noticed nataq's ghost (powerful TrMo)
  8412 | D:11     | Found a staircase to the Orcish Mines.
  8463 | D:11     | Killed nataq's ghost
  8463 | D:11     | Reached skill level 11 in Stealth
  8494 | D:11     | Noticed a wizard
  8520 | D:11     | Noticed an unseen horror
  8535 | D:11     | Killed an unseen horror
  8564 | D:11     | Killed from afar by a wizard

Action                   |  1- 3 |  4- 6 |  7- 9 | 10-12 || total
-------------------------+-------+-------+-------+-------++-------
Melee: Dagger            |   147 |   118 |   324 |    56 ||   645
       Rapier            |       |       |     2 |       ||     2
 Cast: Corona            |    19 |     1 |     1 |     1 ||    22
       Ensorcelled Hiber |    20 |    24 |    51 |    11 ||   106
       Confuse           |       |     2 |    25 |    15 ||    42
       Tukima's Dance    |       |     1 |     1 |     4 ||     6
       Dazzling Spray    |       |       |     1 |     5 ||     6
Invok: Call Merchant     |       |       |       |     1 ||     1
Evoke: Wand              |       |       |       |     1 ||     1
  Use: Scroll            |       |     5 |     4 |       ||     9
 Stab: Sleeping          |    20 |    23 |    47 |     8 ||    98
       Confused          |       |     4 |    23 |     7 ||    34
       Distracted        |       |       |     2 |       ||     2
       Invisible         |       |       |       |     1 ||     1
  Eat: Pizza             |       |     1 |     2 |       ||     3
       Fruit             |       |       |     2 |       ||     2
